 Dungeon Crawl Stone Soup version 0.26.1-11-gd32895ea62 (webtiles) character file.

Game seed: 14904882673921647409

2390 DildoBatman the Artisan of Death (level 9, -2/61 HPs)
             Began as a Formicid Conjurer on July 27, 2021.
             Was a Priest of Kikubaaqudgha.
             Slain by an orc
             ... wielding a +0 short sword
              (6 damage)
             ... on level 10 of the Dungeon.
             The game lasted 00:18:14 (5424 turns).

DildoBatman the Artisan of Death (FoCj)             Turns: 5424, Time: 00:18:14

Health: -2/61      AC:  6    Str: 13    XL:     9   Next: 74%
Magic:  28/28      EV: 12    Int: 17    God:    Kikubaaqudgha [***...]
Gold:   296        SH:  0    Dex: 12    Spells: 14/22 levels left

rFire    . . .     SeeInvis +   a - +7 dagger of Etirob {freeze, +Blink}
rCold    . . .     Faith    .   (no shield)
rNeg     . . .     Spirit   .   o - +1 leather armour {rPois}
rPois    +         Reflect  .   (helmet unavailable)
rElec    .         Harm     .   (no cloak)
rCorr    .         Rampage  .   (no gloves)
Will     +....                  p - +1 pair of boots
Stlth    ++........             (no amulet)
HPRegen  0.20/turn              E - ring of willpower
MPRegen  0.21/turn              r - ring of magical power

@: no status effects
A: permanent stasis, dig shafts and tunnels, four strong arms, antennae 3
a: Dig, Shaft Self, Renounce Religion, Receive Corpses


You were on level 10 of the Dungeon.
You worshipped Kikubaaqudgha.
Kikubaaqudgha was most pleased with you.
You visited 2 branches of the dungeon, and saw 9 of its levels.
You also visited: Sewer.

You collected 296 gold pieces.

Inventory:

Hand Weapons
 a - the +7 dagger of Etirob (weapon) {freeze, +Blink}
   (You found it on level 7 of the Dungeon)

   It has been specially enchanted to freeze those struck by it, causing extra
   injury to most foes and up to half again as much damage against particularly
   susceptible opponents.
   It can also slow down cold-blooded creatures.
   It lets you blink.
Missiles
 i - 19 sling bullets
 j - 273 stones
 k - 167 arrows
 y - 68 poisoned darts
 F - 62 bolts
Armour
 o - a +1 leather armour of poison resistance (worn)
 p - a +1 pair of boots (worn)
Jewellery
 m - an uncursed ring of fire
 r - a ring of magical power (right hand)
 E - a ring of willpower (left hand)
Wands
 t - a wand of acid (5)
 G - a wand of flame (19)
 H - a wand of iceblast (6)
Scrolls
 c - a scroll of summoning {unknown}
 d - 2 scrolls of fog
 f - 2 scrolls of enchant armour
 h - 4 scrolls of random uselessness {unknown}
 q - 2 scrolls of noise {unknown}
 x - 4 scrolls of remove curse
 z - 6 scrolls of identify
 B - 2 scrolls of immolation {unknown}
 C - 2 scrolls of magic mapping
 D - 2 scrolls of amnesia {unknown}
Potions
 e - 9 potions of curing
 g - a potion of berserk rage {unknown}
 n - 2 potions of degeneration {unknown}
 s - 3 potions of flight {unknown}
 u - 3 potions of might {unknown}
 v - 2 potions of brilliance {unknown}
 w - 2 potions of magic {unknown}
 A - a potion of attraction {unknown}
 I - 2 potions of heal wounds {unknown}
 J - 2 potions of invisibility {unknown}


   Skills:
 - Level 2.0 Fighting
 - Level 2.0 Armour
 - Level 1.7 Dodging
 - Level 2.4 Stealth
 - Level 7.0 Spellcasting
 - Level 6.0 Conjurations
 * Level 8.6 Necromancy


You had 14 spell levels left.
You knew the following spells:

 Your Spells              Type           Power        Failure   Level
a - Searing Ray           Conj           52%          1%          2
c - Magic Dart            Conj           100%         1%          1
d - Vampiric Draining     Necr           17%          1%          3
z - Sublimation of Blood  Necr           17%          1%          2

Your spell library contained the following spells:

 Spells                   Type           Power        Failure   Level
 Pain                     Necr           100%         1%          1
 Corpse Rot               Necr/Air       N/A          3%          2
 Dispel Undead            Necr           35%          4%          4
 Agony                    Necr           35%          12%         5
 Excruciating Wounds      Necr           17%          12%         5
 Dazzling Flash           Conj/Hex       32%          13%         3
 Summon Small Mammal      Summ           20%          14%         1
 Call Imp                 Summ           5%           22%         2
 Fulminant Prism          Conj/Hex       8%           38%         4
 Iskenderun's Mystic Bla  Conj/Tloc      16%          38%         4
 Call Canine Familiar     Summ           5%           41%         3
 Summon Guardian Golem    Hex/Summ       5%           41%         3
 Death Channel            Necr           17%          54%         6
 Summon Ice Beast         Ice/Summ       5%           82%         4
 Summon Lightning Spire   Summ/Air       5%           82%         4
 Simulacrum               Ice/Necr       10%          98%         6


Dungeon Overview and Level Annotations

Branches:
Dungeon (7/15)             Temple (1/1) D:5           Sewer (visited)

Altars:
Ashenzari
Cheibriados
Dithmenos
Elyvilon
Fedhas
Gozag
Hepliaklqana
Kikubaaqudgha
Nemelex Xobeh
Okawaru
Qazlal
Ru
Sif Muna
Trog
Uskayaw
Vehumet
Wu Jian
Xom
Yredelemnul
Zin
The Shining One

Annotations:
D:3 exclusion: moth of wrath


Innate Abilities, Weirdness & Mutations

You cannot be hasted, slowed, berserked, paralysed or teleported.
You can dig through walls and to a lower floor.
Your four strong arms can wield two-handed weapons with a shield.
You have a pair of large antennae on your head. (SInv)


Message History

t - Shout!
Orders for allies: a - Attack new target. r - Retreat! s - Stop attacking. g - Guard the area. f - Follow me.
Anything else - Cancel.
You shout for attention!
The orc barely misses you. The orc hits you. The orc hits you with a +0 club.
The orc barely misses you. x2
What are your orders? t - Shout!
Orders for allies: a - Attack new target. r - Retreat! s - Stop attacking. g - Guard the area. f - Follow me.
Anything else - Cancel.
You shout for attention!
The orc hits you with a +0 short sword.
You die...
Kikubaaqudgha rasps: "You have failed me!
Welcome... death!" .. .. #.. .# #.##.# #.... #...# #...# #ooo#

###o@o#
#....##
#.##.# #
#.#####
#.##.....#
#........#
###+#....#
#....#
#..#.#


You could see 5 orcs.

Vanquished Creatures
  A water moccasin (D:5)
  An ice beast (D:5)
  Purgy (Sewer)
  A phantom (D:6)
  A black bear (D:7)
  2 sky beasts
  4 ogres
  2 centaurs
  A big kobold (D:6)
  Blork the orc (D:5)
  A bullfrog (D:7)
  A wyvern skeleton (D:6)
  2 howler monkeys
  A bullfrog skeleton (D:4)
  2 hounds
  2 jellies
  3 orc priests
  2 orc wizards
  3 iguanas
  9 worker ants
  A hound zombie (D:7)
  4 gnolls (D:3)
  7 adders
  A river rat (D:4)
  2 white imps
  An ufetubus (D:7)
  2 oozes (D:2)
  An adder zombie (D:5)
  An adder skeleton (D:5)
  10 worms
  4 leopard geckos
  6 orcs
  13 bats
  8 giant cockroaches
  8 goblins
  7 hobgoblins
  12 jackals
  28 kobolds
  4 quokkas
  5 ball pythons
  3 frilled lizards
  A quokka zombie (D:6)
  10 rats
180 creatures vanquished.

Vanquished Creatures (others)
  36 plants (D:6)
36 creatures vanquished.

Grand Total: 216 creatures vanquished

Notes
Turn   | Place    | Note
-------+----------+-------------------------------------------
     0 | D:1      | DildoBatman the Formicid Conjurer began the quest for the
                  | Orb.
     0 | D:1      | Reached XP level 1. HP: 13/13 MP: 3/3
   447 | D:1      | Reached XP level 2. HP: 14/19 MP: 3/5
   899 | D:2      | Reached XP level 3. HP: 20/24 MP: 3/6
   902 | D:2      | Learned a level 2 spell: Searing Ray
  1057 | D:2      | Reached XP level 4. HP: 29/30 MP: 7/7
  1094 | D:2      | Reached skill level 5 in Conjurations
  1615 | D:3      | Reached XP level 5. HP: 31/36 MP: 8/8
  1686 | D:3      | Reached skill level 1 in Fighting
  1693 | D:3      | Reached skill level 1 in Armour
  1933 | D:3      | Reached XP level 6. HP: 32/44 MP: 10/10
  2404 | D:5      | Entered Level 5 of the Dungeon
  2417 | D:5      | Noticed a water moccasin
  2441 | D:5      | Found a staircase to the Ecumenical Temple.
  2451 | Temple   | Entered the Ecumenical Temple
  2558 | Temple   | Became a worshipper of Kikubaaqudgha
  2615 | D:4      | Found a glowing drain.
  2630 | Sewer    | Entered a sewer
  2662 | Sewer    | Noticed Purgy
  2668 | Sewer    | Killed Purgy
  2833 | D:3      | Noticed a moth of wrath
  2835 | D:3      | Found a bloodstained altar of Trog.
  2851 | D:3      | Reached XP level 7. HP: 50/50 MP: 12/12
  2979 | D:4      | Reached * piety under Kikubaaqudgha
  2979 | D:4      | Identified Kikubaaqudgha's Handbook of Dark Rituals
                  | (Kikubaaqudgha gifted it to you on level 4 of the Dungeon)
  2979 | D:4      | Received a gift from Kikubaaqudgha
  2980 | D:4      | Reached skill level 5 in Spellcasting
  2984 | D:4      | Learned a level 2 spell: Sublimation of Blood
  2988 | D:4      | Learned a level 3 spell: Vampiric Draining
  3201 | D:4      | Reached skill level 1 in Necromancy
  3543 | D:5      | Reached skill level 2 in Necromancy
  3543 | D:5      | Reached XP level 8. HP: 56/56 MP: 14/16
  3690 | D:5      | Reached skill level 3 in Necromancy
  3965 | D:5      | Noticed Blork the orc
  3983 | D:5      | Killed Blork the orc
  3984 | D:5      | Reached skill level 4 in Necromancy
  4207 | D:6      | Reached skill level 5 in Necromancy
  4207 | D:6      | Reached XP level 9. HP: 44/61 MP: 16/19
  4300 | D:6      | Reached ** piety under Kikubaaqudgha
  4305 | D:6      | Reached skill level 6 in Necromancy
  4389 | D:6      | Reached skill level 7 in Necromancy
  4638 | D:6      | Found a broken altar of Ashenzari.
  4982 | D:7      | Found a hazy altar of Hepliaklqana.
  5255 | D:7      | Got a masterwork dagger
  5266 | D:7      | Reached skill level 8 in Necromancy
  5272 | D:7      | Identified the +7 dagger of Etirob {freeze, +Blink} (You
                  | found it on level 7 of the Dungeon)
  5345 | D:7      | Reached *** piety under Kikubaaqudgha
  5345 | D:7      | Identified Kikubaaqudgha's Almanac of Evil (Kikubaaqudgha
                  | gifted it to you on level 7 of the Dungeon)
  5345 | D:7      | Received a gift from Kikubaaqudgha
  5349 | D:7      | You fall into a shaft and drop 3 floors!
  5349 | D:10     | Entered Level 10 of the Dungeon
  5423 | D:10     | HP: 3/61 [orc/+0 club (1)]
  5424 | D:10     | Slain by an orc

Illustrated notes

Levels and vault maps discovered:
D:1:      dpeg_arrival_more_subterranean_lakeside_camping, layout_loops_ring,
          minmay_misc_feat_iff, minmay_pentomino_x4
D:2:      layout_loops_ring
D:3:      minmay_skewed_foursquare, layout_basic, hex_medium, tgw_trog
D:4:      layout_loops_ring, portal_sewer_entry_b, st_stairs_11, minivault_1,
          grunt_ministairs_15
D:5:      layout_basic, temple_fountains, st_stairs_4, uniq_blork_the_orc
D:6:      kennysheep_kobold_camp, layout_rooms, cheibrodos_ashenzari_chains
D:7:      layout_gridville, serial_shops, shop, basic_altar
D:10:     layout_stronghold
Temple:   minmay_crystal_snake_temple

Skill      XL: |  1  2  3  4  5  6  7  8  9 |
---------------+----------------------------+-----
Conjurations   | 4 5 6 |  6.0
Fighting       | 1 2 |  2.0
Armour         | 1 2 |  2.0
Spellcasting   | 3 5 7 |  7.0
Necromancy     | 2 5 8 |  8.6
Dodging        | |  1.7
Stealth        | |  2.4

Action                   |  1- 3 |  4- 6 |  7- 9 || total
-------------------------+-------+-------+-------++-------
Melee: Dagger            |     3 |       |     8 ||    11
       Unarmed           |     2 |       |       ||     2
       Short sword       |    43 |   157 |   109 ||   309
 Cast: Magic Dart        |    18 |     2 |     3 ||    23
       Searing Ray       |     2 |    16 |    62 ||    80
       Vampiric Draining |       |       |     4 ||     4
 Abil: Dig               |     5 |     2 |    16 ||    23
       Shaft Self        |       |       |     1 ||     1
  Use: Scroll            |       |     9 |       ||     9
 Stab: Sleeping          |     2 |     2 |       ||     4
Armor: Robe              |     6 |       |       ||     6
       Leather armour    |    15 |    48 |    59 ||   122
       Ring mail         |       |    21 |       ||    21
Dodge: Dodged            |    31 |   114 |   109 ||   254
